1971 views
Uploaded 2023-04-13 13:31:27
Game version 1.35 (6115)
27:36 long 4on4 ladder game on (8)Feralas_S2
Saved by DKnight
1971 views
Uploaded 2023-04-13 13:31:27
Game version 1.35 (6115)
27:36 long 4on4 ladder game on (8)Feralas_S2


183 units @ 29k
/ 4.4k
124 buildings @ 12.9k
/ 5.1k


| Lesser Clarity Potion | 2 | 140 |
| Scroll of Regeneration | 2 | 200 |
| Scroll of Town Portal | 4 | 1400 |
| total: | 8 | 1740g |
| Peasant | 14 | 1050 | / | 0 |
| Footman | 7 | 945 | / | 0 |
| Priest | 4 | 540 | / | 40 |
| Spell Breaker | 4 | 860 | / | 120 |
| Knight | 5 | 1225 | / | 300 |
| Sorceress | 3 | 465 | / | 60 |
| total: | 37 | 5085g | / | 520w |
| Scout Tower | 10 | 300 | / | 200 |
| Guard Tower | 9 | 630 | / | 450 |
| Farm | 9 | 720 | / | 180 |
| Barracks | 2 | 320 | / | 120 |
| Altar of Kings | 1 | 180 | / | 50 |
| Arcane Vault | 2 | 260 | / | 60 |
| Lumber Mill | 1 | 120 | / | 0 |
| Town Hall | 1 | 385 | / | 205 |
| Blacksmith | 1 | 140 | / | 60 |
| Arcane Sanctum | 1 | 150 | / | 140 |
| Keep | 1 | 320 | / | 210 |
| Castle | 1 | 360 | / | 210 |
| total: | 28 | 2575g | / | 1015w |
| 0:06 | Farm |
| 0:07 | Peasant |
| 0:07 | Peasant |
| 0:08 | Peasant |
| 0:32 | Barracks |
| 0:38 | Altar of Kings |
| 0:48 | Farm |
| 1:04 | Peasant |
| 1:04 | Peasant |
| 1:04 | Peasant |
| 1:36 | Footman |
| 1:57 | Footman |
| 2:01 | Peasant |
| 2:04 | Footman |
| 2:12 | Arcane Vault |
| 2:18 | Farm |
| 2:34 | Footman |
| 2:44 | Summon Water Elemental |
| 2:59 | Footman |
| 3:01 | Farm |
| 3:25 | Keep |
| 3:36 | Footman |
| 3:51 | Brilliance Aura |
| 4:13 | Footman |
| 4:19 | Lumber Mill |
| 5:20 | Lesser Clarity Potion |
| 5:22 | Scroll of Regeneration |
| 5:38 | Scout Tower |
| 5:41 | Town Hall |
| 5:45 | Scout Tower |
| 6:04 | Arcane Sanctum |
| 6:06 | Peasant |
| 6:06 | Peasant |
| 6:11 | Scout Tower |
| 6:13 | Guard Tower |
| 6:15 | Guard Tower |
| 6:40 | Summon Water Elemental |
| 7:07 | Guard Tower |
| 7:10 | Scout Tower |
| 7:58 | Guard Tower |
| 8:01 | Scout Tower |
| 8:02 | Peasant |
| 8:02 | Peasant |
| 8:05 | Castle |
| 8:31 | Brilliance Aura |
| 9:34 | Barracks |
| 9:37 | Blacksmith |
| 9:41 | Guard Tower |
| 9:45 | Scout Tower |
| 9:47 | Scout Tower |
| 9:52 | Scout Tower |
| 9:59 | Farm |
| 10:01 | Improved Masonry |
| 10:02 | Improved Lumber Harvesting |
| 10:06 | Priest |
| 10:06 | Spell Breaker |
| 10:06 | Priest |
| 10:07 | Spell Breaker |
| 10:27 | Guard Tower |
| 10:40 | Scroll of Town Portal |
| 10:43 | Peasant |
| 10:43 | Peasant |
| 10:43 | Peasant |
| 10:55 | Lesser Clarity Potion |
| 10:59 | Knight |
| 11:03 | Spell Breaker |
| 11:20 | Guard Tower |
| 11:23 | Farm |
| 11:30 | Devotion Aura |
| 11:58 | Divine Shield |
| 12:15 | Scroll of Town Portal |
| 12:22 | Knight |
| 12:45 | Arcane Vault |
| 12:52 | Animal War Training |
| 12:53 | Knight |
| 13:10 | Scout Tower |
| 13:30 | Scroll of Town Portal |
| 13:44 | Advanced Masonry |
| 13:45 | Advanced Lumber Harvesting |
| 13:50 | Farm |
| 14:45 | Guard Tower |
| 14:48 | Farm |
| 14:51 | Scout Tower |
| 14:57 | Spell Breaker |
| 14:57 | Sorceress |
| 14:58 | Sorceress |
| 15:11 | Priest |
| 15:11 | Priest |
| 15:12 | Sorceress |
| 15:34 | Farm |
| 15:35 | Guard Tower |
| 15:42 | Scroll of Regeneration |
| 16:00 | Scroll of Town Portal |
| 16:17 | Summon Water Elemental |
| 16:27 | Devotion Aura |
| 17:01 | Knight |
| 17:52 | Knight |
| Select | 354 |
| Right click | 330 |
| Build/train/purchase | 107 |
| Misc. action | 35 |
| Use ability | 8 |
| Minimap ping | 3 |
| Remove unit | 2 |


| Scroll of Regeneration | 1 | 100 |
| Potion of Healing | 1 | 150 |
| Potion of Mana | 1 | 200 |
| Circlet of Nobility | 1 | 175 |
| total: | 4 | 625g |
| Peasant | 25 | 1875 | / | 0 |
| Footman | 6 | 810 | / | 0 |
| Priest | 3 | 405 | / | 30 |
| Gryphon Rider | 7 | 1960 | / | 490 |
| Dragonhawk Rider | 5 | 1000 | / | 150 |
| Spell Breaker | 2 | 430 | / | 60 |
| Sorceress | 2 | 310 | / | 40 |
| total: | 50 | 6790g | / | 770w |
| Scout Tower | 11 | 330 | / | 220 |
| Guard Tower | 9 | 630 | / | 450 |
| Arcane Tower | 1 | 70 | / | 50 |
| Altar of Kings | 2 | 360 | / | 100 |
| Farm | 21 | 1680 | / | 420 |
| Lumber Mill | 3 | 360 | / | 0 |
| Barracks | 2 | 320 | / | 120 |
| Town Hall | 1 | 385 | / | 205 |
| Arcane Vault | 1 | 130 | / | 30 |
| Blacksmith | 1 | 140 | / | 60 |
| Gryphon Aviary | 3 | 420 | / | 450 |
| Arcane Sanctum | 1 | 150 | / | 140 |
| Keep | 1 | 320 | / | 210 |
| Castle | 1 | 360 | / | 210 |
| total: | 46 | 4275g | / | 1745w |
| 0:06 | Peasant |
| 0:06 | Peasant |
| 0:11 | Altar of Kings |
| 0:14 | Altar of Kings |
| 0:18 | Farm |
| 0:29 | Peasant |
| 0:29 | Peasant |
| 0:57 | Lumber Mill |
| 1:01 | Lumber Mill |
| 1:02 | Peasant |
| 1:03 | Peasant |
| 1:10 | Farm |
| 1:29 | Barracks |
| 1:32 | Barracks |
| 1:42 | Peasant |
| 1:53 | Scout Tower |
| 2:04 | Peasant |
| 2:18 | Farm |
| 2:21 | Blizzard |
| 2:24 | Guard Tower |
| 2:36 | Footman |
| 2:36 | Footman |
| 2:40 | Footman |
| 2:49 | Farm |
| 2:58 | Farm |
| 3:15 | Footman |
| 3:25 | Footman |
| 3:31 | Farm |
| 3:40 | Scout Tower |
| 4:10 | Guard Tower |
| 4:14 | Farm |
| 4:37 | Footman |
| 5:08 | Town Hall |
| 5:22 | Scout Tower |
| 5:30 | Peasant |
| 5:30 | Peasant |
| 5:30 | Peasant |
| 5:41 | Brilliance Aura |
| 5:54 | Scout Tower |
| 5:56 | Guard Tower |
| 6:13 | Scout Tower |
| 6:14 | Guard Tower |
| 6:33 | Scout Tower |
| 6:35 | Guard Tower |
| 6:45 | Keep |
| 6:58 | Scout Tower |
| 7:00 | Guard Tower |
| 7:13 | Arcane Vault |
| 7:22 | Blacksmith |
| 7:25 | Guard Tower |
| 7:31 | Farm |
| 7:37 | Scout Tower |
| 7:43 | Peasant |
| 7:43 | Peasant |
| 8:04 | Farm |
| 8:07 | Guard Tower |
| 8:12 | Farm |
| 8:18 | Blizzard |
| 8:25 | Scout Tower |
| 8:45 | Scroll of Regeneration |
| 8:55 | Farm |
| 8:58 | Farm |
| 9:05 | Arcane Tower |
| 9:08 | Iron Forged Swords |
| 9:12 | Black Gunpowder |
| 9:14 | Peasant |
| 9:14 | Peasant |
| 9:16 | Castle |
| 9:18 | Peasant |
| 9:19 | Peasant |
| 9:19 | Peasant |
| 9:19 | Peasant |
| 9:30 | Farm |
| 9:33 | Farm |
| 9:39 | Farm |
| 10:14 | Circlet of Nobility |
| 10:20 | Farm |
| 10:22 | Farm |
| 10:41 | Gryphon Aviary |
| 10:48 | Gryphon Aviary |
| 10:59 | Arcane Sanctum |
| 11:17 | Farm |
| 11:35 | Peasant |
| 11:35 | Peasant |
| 11:36 | Peasant |
| 11:36 | Peasant |
| 11:55 | Scout Tower |
| 12:02 | Steel Forged Swords |
| 12:05 | Studded Leather Armor |
| 12:15 | Lumber Mill |
| 12:21 | Peasant |
| 12:22 | Peasant |
| 12:29 | Gryphon Aviary |
| 12:39 | Guard Tower |
| 12:42 | Farm |
| 12:45 | Farm |
| 13:01 | Priest |
| 13:01 | Priest |
| 13:02 | Priest |
| 13:28 | Gryphon Rider |
| 13:37 | Brilliance Aura |
| 13:40 | Gryphon Rider |
| 13:42 | Gryphon Rider |
| 13:48 | Storm Hammers |
| 13:48 | Dragonhawk Rider |
| 13:48 | Dragonhawk Rider |
| 13:49 | Dragonhawk Rider |
| 13:57 | Priest Adept Training |
| 14:08 | Potion of Healing |
| 14:12 | Potion of Mana |
| 14:23 | Gryphon Rider |
| 14:25 | Gryphon Rider |
| 14:31 | Farm |
| 14:46 | Control Magic |
| 14:54 | Scout Tower |
| 15:00 | Defend |
| 15:07 | Spell Breaker |
| 17:05 | Spell Breaker |
| 17:07 | Sorceress |
| 17:08 | Sorceress |
| 17:12 | Dragonhawk Rider |
| 17:14 | Gryphon Rider |
| 17:21 | Cloud |
| 18:44 | Blizzard |
| 20:22 | Mass Teleport |
| 21:04 | Gryphon Rider |
| 21:07 | Dragonhawk Rider |
| 22:35 | Brilliance Aura |
| 23:33 | Resurrection |
| 23:49 | Mithril Forged Swords |
| Select group | 542 |
| Right click | 380 |
| Select | 280 |
| Misc. action | 152 |
| Build/train/purchase | 92 |
| Chat | 41 |
| Use ability | 34 |
| Assign group | 23 |
| Minimap ping | 6 |
| Resource trade | 5 |
| Item give/drop | 4 |
| Remove unit | 3 |
| Esc | 1 |


| Rod of Necromancy | 2 | 300 |
| Orb of Corruption | 1 | 375 |
| Potion of Healing | 1 | 150 |
| Scroll of Town Portal | 3 | 1050 |
| Scroll of Healing | 2 | 500 |
| Potion of Lesser Invulnerability | 1 | 150 |
| total: | 10 | 2525g |
| Acolyte | 7 | 525 | / | 0 |
| Ghoul | 2 | 240 | / | 0 |
| Crypt Fiend | 17 | 3655 | / | 680 |
| Obsidian Statue | 5 | 1000 | / | 175 |
| Abomination | 1 | 240 | / | 70 |
| Frost Wyrm | 7 | 2695 | / | 840 |
| total: | 39 | 8355g | / | 1765w |
| Nerubian Tower | 1 | 100 | / | 20 |
| Spirit Tower | 3 | 435 | / | 120 |
| Crypt | 1 | 200 | / | 50 |
| Graveyard | 1 | 215 | / | 0 |
| Altar of Darkness | 1 | 180 | / | 50 |
| Ziggurat | 7 | 1050 | / | 350 |
| Tomb of Relics | 1 | 130 | / | 30 |
| Necropolis | 1 | 225 | / | 0 |
| Slaughterhouse | 1 | 140 | / | 135 |
| Boneyard | 1 | 175 | / | 200 |
| Halls of the Dead | 1 | 320 | / | 210 |
| Black Citadel | 1 | 325 | / | 230 |
| total: | 14 | 2315g | / | 815w |
| 0:04 | Acolyte |
| 0:04 | Acolyte |
| 0:07 | Crypt |
| 0:30 | Graveyard |
| 0:52 | Altar of Darkness |
| 0:58 | Ziggurat |
| 1:10 | Ghoul |
| 1:23 | Tomb of Relics |
| 1:51 | Ghoul |
| 1:57 | Ziggurat |
| 2:12 | Crypt Fiend |
| 2:54 | Rod of Necromancy |
| 3:00 | Crypt Fiend |
| 3:04 | Death Coil |
| 3:20 | Halls of the Dead |
| 3:42 | Crypt Fiend |
| 3:58 | Ziggurat |
| 4:03 | Unholy Aura |
| 4:19 | Crypt Fiend |
| 4:49 | Crypt Fiend |
| 5:49 | Slaughterhouse |
| 5:55 | Crypt Fiend |
| 6:11 | Rod of Necromancy |
| 6:19 | Black Citadel |
| 6:50 | Frost Nova |
| 6:53 | Obsidian Statue |
| 6:56 | Ziggurat |
| 7:12 | Burrow |
| 7:16 | Web |
| 7:39 | Death Coil |
| 7:42 | Obsidian Statue |
| 7:58 | Crypt Fiend |
| 8:16 | Dark Ritual |
| 8:42 | Destroyer Form |
| 8:46 | Crypt Fiend |
| 9:08 | Crypt Fiend |
| 9:52 | Obsidian Statue |
| 9:52 | Acolyte |
| 9:59 | Scroll of Town Portal |
| 10:06 | Orb of Corruption |
| 10:50 | Obsidian Statue |
| 10:56 | Acolyte |
| 11:17 | Acolyte |
| 11:19 | Crypt Fiend |
| 11:20 | Creature Attack |
| 11:23 | Frost Nova |
| 11:57 | Crypt Fiend |
| 12:23 | Death Pact |
| 13:25 | Ziggurat |
| 13:26 | Ziggurat |
| 13:29 | Potion of Lesser Invulnerability |
| 13:30 | Scroll of Town Portal |
| 13:30 | Scroll of Healing |
| 13:41 | Improved Creature Attack |
| 13:41 | Creature Carapace |
| 14:39 | Dark Ritual |
| 15:01 | Boneyard |
| 15:09 | Necropolis |
| 15:10 | Nerubian Tower |
| 15:12 | Spirit Tower |
| 15:12 | Acolyte |
| 15:14 | Acolyte |
| 15:29 | Crypt Fiend |
| 15:41 | Ziggurat |
| 15:43 | Abomination |
| 16:16 | Death Coil |
| 16:46 | Frost Wyrm |
| 16:48 | Frost Wyrm |
| 17:16 | Crypt Fiend |
| 17:35 | Frost Wyrm |
| 17:36 | Crypt Fiend |
| 17:49 | Frost Nova |
| 18:08 | Obsidian Statue |
| 18:09 | Unholy Armor |
| 18:10 | Advanced Creature Attack |
| 18:50 | Scroll of Town Portal |
| 18:51 | Scroll of Healing |
| 18:53 | Potion of Healing |
| 19:37 | Frost Wyrm |
| 20:34 | Frost Wyrm |
| 21:19 | Unholy Aura |
| 21:25 | Freezing Breath |
| 21:28 | Improved Creature Carapace |
| 22:35 | Death and Decay |
| 23:40 | Frost Wyrm |
| 23:41 | Advanced Creature Carapace |
| 24:37 | Unholy Aura |
| 24:57 | Frost Wyrm |
| 25:45 | Crypt Fiend |
| 26:05 | Crypt Fiend |
| 26:16 | Crypt Fiend |
| 27:23 | Spirit Tower |
| 27:25 | Spirit Tower |
| Right click | 1801 |
| Select group | 1294 |
| Select | 512 |
| Build/train/purchase | 137 |
| Use ability | 95 |
| Misc. action | 87 |
| Assign group | 39 |
| Chat | 29 |
| Minimap ping | 5 |
| Item give/drop | 4 |
| Remove unit | 3 |


| Scroll of Regeneration | 4 | 400 |
| Lesser Clarity Potion | 3 | 210 |
| Potion of Healing | 1 | 150 |
| total: | 8 | 760g |
| Peasant | 21 | 1575 | / | 0 |
| Rifleman | 27 | 5535 | / | 810 |
| Mortar Team | 8 | 1440 | / | 560 |
| Forest Troll Shadow Priest | 1 | 195 | / | 10 |
| total: | 57 | 8745g | / | 1380w |
| Scout Tower | 11 | 330 | / | 220 |
| Guard Tower | 4 | 280 | / | 200 |
| Blacksmith | 1 | 140 | / | 60 |
| Barracks | 2 | 320 | / | 120 |
| Farm | 15 | 1200 | / | 300 |
| Altar of Kings | 1 | 180 | / | 50 |
| Lumber Mill | 1 | 120 | / | 0 |
| Arcane Vault | 1 | 130 | / | 30 |
| Town Hall | 3 | 1155 | / | 615 |
| Workshop | 1 | 140 | / | 140 |
| Keep | 1 | 320 | / | 210 |
| Castle | 1 | 360 | / | 210 |
| total: | 36 | 3715g | / | 1535w |
| 0:05 | Peasant |
| 0:15 | Peasant |
| 0:27 | Peasant |
| 0:41 | Peasant |
| 0:50 | Blacksmith |
| 1:02 | Barracks |
| 1:08 | Farm |
| 1:10 | Peasant |
| 1:22 | Altar of Kings |
| 1:27 | Peasant |
| 1:37 | Peasant |
| 1:41 | Lumber Mill |
| 1:49 | Farm |
| 2:02 | Peasant |
| 2:09 | Rifleman |
| 2:27 | Farm |
| 2:35 | Rifleman |
| 2:51 | Barracks |
| 3:04 | Rifleman |
| 3:19 | Arcane Vault |
| 3:32 | Storm Bolt |
| 3:38 | Rifleman |
| 3:46 | Improved Lumber Harvesting |
| 4:08 | Farm |
| 4:21 | Bash |
| 4:39 | Farm |
| 4:50 | Scroll of Regeneration |
| 4:51 | Lesser Clarity Potion |
| 4:54 | Rifleman |
| 5:05 | Rifleman |
| 5:40 | Rifleman |
| 5:41 | Rifleman |
| 5:59 | Forest Troll Shadow Priest |
| 6:23 | Scroll of Regeneration |
| 6:36 | Town Hall |
| 7:54 | Town Hall |
| 9:18 | Storm Bolt |
| 9:32 | Rifleman |
| 9:33 | Keep |
| 9:44 | Lesser Clarity Potion |
| 9:46 | Scroll of Regeneration |
| 9:51 | Peasant |
| 9:51 | Peasant |
| 9:57 | Improved Masonry |
| 10:01 | Rifleman |
| 10:02 | Rifleman |
| 10:25 | Scout Tower |
| 10:27 | Peasant |
| 10:27 | Peasant |
| 10:38 | Scout Tower |
| 11:24 | Rifleman |
| 11:39 | Rifleman |
| 12:03 | Rifleman |
| 12:04 | Rifleman |
| 12:13 | Rifleman |
| 12:15 | Peasant |
| 12:15 | Peasant |
| 12:17 | Advanced Lumber Harvesting |
| 12:51 | Peasant |
| 12:51 | Peasant |
| 13:01 | Rifleman |
| 13:02 | Rifleman |
| 13:05 | Scout Tower |
| 13:09 | Lesser Clarity Potion |
| 13:10 | Scroll of Regeneration |
| 13:31 | Peasant |
| 13:31 | Peasant |
| 13:40 | Rifleman |
| 13:42 | Long Rifles |
| 13:51 | Guard Tower |
| 13:59 | Black Gunpowder |
| 14:04 | Farm |
| 14:31 | Holy Light |
| 14:59 | Workshop |
| 15:02 | Peasant |
| 15:02 | Peasant |
| 15:08 | Peasant |
| 15:12 | Advanced Masonry |
| 15:17 | Scout Tower |
| 15:19 | Scout Tower |
| 15:55 | Guard Tower |
| 16:17 | Potion of Healing |
| 16:19 | Bash |
| 16:36 | Rifleman |
| 16:36 | Rifleman |
| 17:32 | Mortar Team |
| 17:32 | Mortar Team |
| 17:32 | Mortar Team |
| 17:35 | Farm |
| 17:37 | Scout Tower |
| 18:02 | Rifleman |
| 18:04 | Refined Gunpowder |
| 18:56 | Storm Bolt |
| 19:10 | Divine Shield |
| 19:13 | Divine Shield |
| 19:37 | Avatar |
| 19:39 | Holy Light |
| 19:52 | Rifleman |
| 19:52 | Rifleman |
| 19:53 | Mortar Team |
| 19:53 | Mortar Team |
| 19:54 | Mortar Team |
| 20:06 | Devotion Aura |
| 20:20 | Rifleman |
| 20:47 | Farm |
| 20:48 | Farm |
| 21:17 | Studded Leather Armor |
| 21:22 | Farm |
| 21:23 | Farm |
| 21:25 | Guard Tower |
| 21:32 | Farm |
| 22:07 | Divine Shield |
| 22:34 | Bash |
| 22:48 | Rifleman |
| 22:49 | Rifleman |
| 22:50 | Mortar Team |
| 22:50 | Mortar Team |
| 22:51 | Farm |
| 24:33 | Holy Light |
| 24:37 | Town Hall |
| 24:59 | Reinforced Leather Armor |
| 26:18 | Farm |
| 26:30 | Castle |
| 26:55 | Farm |
| 26:57 | Scout Tower |
| 26:59 | Scout Tower |
| 27:02 | Scout Tower |
| 27:04 | Scout Tower |
| 27:06 | Scout Tower |
| 27:35 | Guard Tower |
| Right click | 536 |
| Select | 449 |
| Select group | 261 |
| Misc. action | 199 |
| Build/train/purchase | 114 |
| Use ability | 42 |
| Assign group | 28 |
| Minimap ping | 6 |
| Esc | 4 |
| Item give/drop | 1 |
231 units @ 29.8k
/ 4.3k
99 buildings @ 15.6k
/ 7.8k


| Healing Salve | 2 | 200 |
| Lesser Clarity Potion | 2 | 140 |
| Orb of Lightning | 1 | 375 |
| Potion of Mana | 4 | 800 |
| Potion of Healing | 2 | 300 |
| Scroll of Town Portal | 3 | 1050 |
| Periapt of Vitality | 1 | 325 |
| total: | 15 | 3190g |
| Peon | 12 | 900 | / | 0 |
| Grunt | 7 | 1400 | / | 0 |
| Raider | 4 | 720 | / | 160 |
| Shaman | 3 | 390 | / | 60 |
| Troll Batrider | 24 | 3840 | / | 960 |
| Tauren | 2 | 560 | / | 160 |
| Troll Berserker | 5 | 700 | / | 100 |
| Forest Troll Berserker | 2 | 490 | / | 60 |
| Forest Troll Shadow Priest | 4 | 780 | / | 40 |
| Ogre Mauler | 3 | 900 | / | 0 |
| Hippogryph | 6 | 960 | / | 120 |
| total: | 72 | 11640g | / | 1660w |
| Watch Tower | 3 | 330 | / | 240 |
| Altar of Storms | 1 | 180 | / | 50 |
| Orc Burrow | 6 | 960 | / | 240 |
| Barracks | 1 | 180 | / | 50 |
| Voodoo Lounge | 2 | 260 | / | 60 |
| War Mill | 1 | 205 | / | 0 |
| Great Hall | 1 | 385 | / | 185 |
| Beastiary | 3 | 435 | / | 420 |
| Spirit Lodge | 1 | 150 | / | 150 |
| Tauren Totem | 1 | 135 | / | 155 |
| Stronghold | 1 | 315 | / | 190 |
| Fortress | 1 | 325 | / | 190 |
| total: | 20 | 3220g | / | 1550w |
| 0:03 | Peon |
| 0:03 | Peon |
| 0:03 | Peon |
| 0:03 | Peon |
| 0:04 | Peon |
| 0:21 | Altar of Storms |
| 0:40 | Orc Burrow |
| 1:05 | Barracks |
| 1:33 | Peon |
| 1:33 | Peon |
| 1:41 | Orc Burrow |
| 1:48 | Voodoo Lounge |
| 1:53 | Voodoo Lounge |
| 1:56 | Peon |
| 2:11 | Grunt |
| 2:29 | Shockwave |
| 2:44 | Grunt |
| 2:49 | Peon |
| 2:50 | Peon |
| 3:12 | Orc Burrow |
| 3:19 | Orc Burrow |
| 3:28 | Grunt |
| 3:31 | Stronghold |
| 4:03 | Grunt |
| 4:17 | Endurance Aura |
| 4:24 | War Mill |
| 4:35 | Healing Salve |
| 4:35 | Lesser Clarity Potion |
| 4:59 | Grunt |
| 5:03 | Orc Burrow |
| 5:43 | Forest Troll Berserker |
| 5:43 | Forest Troll Shadow Priest |
| 6:05 | Beastiary |
| 6:23 | Beastiary |
| 6:38 | Fortress |
| 6:42 | Spirit Lodge |
| 7:25 | Summon Bear |
| 7:41 | Ensnare |
| 7:42 | Raider |
| 7:45 | Shockwave |
| 8:22 | Great Hall |
| 8:45 | Ogre Mauler |
| 9:24 | Shaman Adept Training |
| 10:04 | Orc Burrow |
| 10:07 | Forest Troll Shadow Priest |
| 10:26 | Berserker Strength |
| 10:33 | Summon Quilbeast |
| 11:28 | Endurance Aura |
| 11:47 | Raider |
| 11:48 | Raider |
| 11:49 | Shaman Master Training |
| 12:11 | Grunt |
| 12:51 | Shaman |
| 12:52 | Raider |
| 12:57 | Grunt |
| 13:06 | Tauren Totem |
| 13:10 | Lesser Clarity Potion |
| 13:11 | Orb of Lightning |
| 13:14 | Potion of Mana |
| 13:45 | Potion of Healing |
| 13:48 | Potion of Mana |
| 13:49 | Healing Salve |
| 14:05 | Potion of Healing |
| 14:06 | Scroll of Town Portal |
| 15:08 | Periapt of Vitality |
| 15:34 | Ogre Mauler |
| 15:34 | Forest Troll Berserker |
| 15:35 | Forest Troll Shadow Priest |
| 16:06 | Shockwave |
| 16:19 | Watch Tower |
| 16:19 | Watch Tower |
| 16:20 | Watch Tower |
| 16:46 | Troll Batrider |
| 16:46 | Troll Batrider |
| 17:07 | Pulverize |
| 17:09 | Shaman |
| 17:16 | Potion of Mana |
| 17:20 | Scroll of Town Portal |
| 17:47 | Troll Batrider |
| 17:47 | Troll Batrider |
| 18:07 | Troll Batrider |
| 18:08 | Tauren |
| 18:10 | Shaman |
| 19:01 | Troll Batrider |
| 19:01 | Troll Batrider |
| 19:01 | Troll Batrider |
| 19:06 | Forest Troll Shadow Priest |
| 19:23 | Tauren |
| 19:44 | Ogre Mauler |
| 20:06 | Peon |
| 20:06 | Peon |
| 20:11 | Potion of Mana |
| 20:59 | Troll Batrider |
| 20:59 | Troll Batrider |
| 21:15 | Troll Berserker |
| 21:15 | Troll Berserker |
| 21:15 | Troll Berserker |
| 21:15 | Troll Berserker |
| 21:16 | Troll Berserker |
| 21:24 | Summon Bear |
| 21:50 | Scroll of Town Portal |
| 22:34 | Troll Batrider |
| 22:34 | Troll Batrider |
| 22:34 | Troll Batrider |
| 22:34 | Troll Batrider |
| 22:35 | Troll Batrider |
| 22:57 | Hippogryph |
| 22:57 | Hippogryph |
| 22:57 | Hippogryph |
| 22:57 | Hippogryph |
| 22:58 | Hippogryph |
| 22:58 | Hippogryph |
| 23:14 | Beastiary |
| 24:17 | Troll Batrider |
| 24:17 | Troll Batrider |
| 24:17 | Troll Batrider |
| 24:17 | Troll Batrider |
| 24:17 | Troll Batrider |
| 24:20 | Troll Batrider |
| 25:32 | Troll Batrider |
| 25:32 | Troll Batrider |
| 25:34 | Troll Batrider |
| Right click | 614 |
| Select | 383 |
| Assign group | 153 |
| Build/train/purchase | 132 |
| Select group | 128 |
| Use ability | 87 |
| Chat | 72 |
| Misc. action | 40 |
| Minimap ping | 6 |
| Item give/drop | 1 |
| Esc | 1 |



| Staff of Preservation | 1 | 150 |
| Orb of Venom | 1 | 325 |
| Scroll of Healing | 1 | 250 |
| Scroll of Town Portal | 2 | 700 |
| total: | 5 | 1425g |
| Wisp | 25 | 1500 | / | 0 |
| Archer | 11 | 1430 | / | 110 |
| Hippogryph | 7 | 1120 | / | 140 |
| Glaive Thrower | 1 | 210 | / | 65 |
| total: | 44 | 4260g | / | 315w |
| Ancient Protector | 7 | 945 | / | 560 |
| Altar of Elders | 1 | 180 | / | 50 |
| Moon Well | 7 | 1260 | / | 280 |
| Hunter's Hall | 1 | 210 | / | 100 |
| Ancient of War | 2 | 300 | / | 120 |
| Tree of Life | 1 | 340 | / | 185 |
| Ancient of Wonders | 1 | 90 | / | 30 |
| Ancient of Wind | 2 | 300 | / | 280 |
| Tree of Ages | 1 | 320 | / | 180 |
| Tree of Eternity | 1 | 330 | / | 200 |
| total: | 22 | 3625g | / | 1605w |
| 0:06 | Wisp |
| 0:06 | Wisp |
| 0:26 | Altar of Elders |
| 0:31 | Moon Well |
| 0:37 | Wisp |
| 0:50 | Hunter's Hall |
| 0:55 | Wisp |
| 1:10 | Wisp |
| 1:36 | Moon Well |
| 1:40 | Wisp |
| 2:06 | Ancient Protector |
| 2:23 | Wisp |
| 2:23 | Wisp |
| 2:31 | Ancient of War |
| 2:35 | Force of Nature |
| 2:53 | Wisp |
| 2:54 | Wisp |
| 3:00 | Ancient of War |
| 3:11 | Wisp |
| 3:33 | Ancient Protector |
| 3:38 | Archer |
| 3:45 | Wisp |
| 3:47 | Archer |
| 4:02 | Archer |
| 4:15 | Archer |
| 4:38 | Archer |
| 5:32 | Entangling Roots |
| 5:58 | Tree of Life |
| 6:29 | Moon Well |
| 6:34 | Moon Well |
| 7:00 | Wisp |
| 7:00 | Wisp |
| 7:09 | Ancient Protector |
| 7:18 | Force of Nature |
| 7:28 | Ancient of Wonders |
| 7:38 | Archer |
| 7:40 | Tree of Ages |
| 7:43 | Moon Armor |
| 7:43 | Strength of the Moon |
| 7:55 | Ancient Protector |
| 7:58 | Archer |
| 8:07 | Wisp |
| 8:08 | Wisp |
| 8:19 | Archer |
| 9:55 | Moon Well |
| 9:58 | Moon Well |
| 10:05 | Ancient of Wind |
| 10:10 | Ancient of Wind |
| 10:12 | Wisp |
| 10:13 | Wisp |
| 10:20 | Wisp |
| 10:24 | Wisp |
| 10:25 | Wisp |
| 10:25 | Wisp |
| 10:25 | Wisp |
| 11:05 | Moon Well |
| 11:21 | Hippogryph |
| 11:30 | Wisp |
| 11:30 | Wisp |
| 12:39 | Hippogryph |
| 12:55 | Improved Moon Armor |
| 12:55 | Improved Strength of the Moon |
| 12:57 | Tree of Eternity |
| 12:59 | Improved Bows |
| 13:14 | Ancient Protector |
| 13:40 | Hippogryph |
| 14:50 | Ancient Protector |
| 14:55 | Ancient Protector |
| 15:04 | Archer |
| 15:06 | Hippogryph |
| 15:10 | Scroll of Healing |
| 15:44 | Silence |
| 16:10 | Entangling Roots |
| 16:52 | Scroll of Town Portal |
| 16:53 | Scroll of Town Portal |
| 16:53 | Staff of Preservation |
| 16:55 | Orb of Venom |
| 17:04 | Hippogryph |
| 17:06 | Marksmanship |
| 17:06 | Archer |
| 17:18 | Scout |
| 17:35 | Hippogryph |
| 18:01 | Glaive Thrower |
| 18:40 | Hippogryph |
| 19:03 | Archer |
| Right click | 840 |
| Select | 263 |
| Build/train/purchase | 80 |
| Misc. action | 48 |
| Select group | 34 |
| Use ability | 31 |
| Assign group | 16 |
| Resource trade | 6 |
| Item give/drop | 1 |
| Minimap ping | 1 |



| Lesser Clarity Potion | 1 | 70 |
| Healing Salve | 1 | 100 |
| Orb of Lightning | 1 | 375 |
| Scroll of Speed | 1 | 50 |
| Scroll of Town Portal | 3 | 1050 |
| total: | 7 | 1645g |
| Peon | 15 | 1125 | / | 0 |
| Troll Headhunter | 15 | 2100 | / | 300 |
| Shaman | 2 | 260 | / | 40 |
| Troll Witch Doctor | 2 | 290 | / | 50 |
| Troll Berserker | 3 | 420 | / | 60 |
| total: | 37 | 4195g | / | 450w |
| Watch Tower | 13 | 1430 | / | 1040 |
| Altar of Storms | 1 | 180 | / | 50 |
| Orc Burrow | 4 | 640 | / | 160 |
| War Mill | 1 | 205 | / | 0 |
| Barracks | 2 | 360 | / | 100 |
| Great Hall | 1 | 385 | / | 185 |
| Voodoo Lounge | 1 | 130 | / | 30 |
| Spirit Lodge | 4 | 600 | / | 600 |
| Stronghold | 1 | 315 | / | 190 |
| Fortress | 1 | 325 | / | 190 |
| total: | 27 | 3930g | / | 2165w |
| 0:03 | Peon |
| 0:03 | Peon |
| 0:03 | Peon |
| 0:04 | Peon |
| 0:17 | Altar of Storms |
| 0:23 | Orc Burrow |
| 0:27 | Peon |
| 0:40 | Peon |
| 0:44 | Peon |
| 1:06 | War Mill |
| 1:23 | Barracks |
| 1:42 | Barracks |
| 1:58 | Orc Burrow |
| 2:04 | Peon |
| 2:11 | Peon |
| 2:17 | Feral Spirit |
| 2:34 | Troll Headhunter |
| 2:48 | Troll Headhunter |
| 2:52 | Troll Headhunter |
| 3:14 | Orc Burrow |
| 3:27 | Chain Lighting |
| 3:28 | Troll Headhunter |
| 3:33 | Troll Headhunter |
| 3:51 | Troll Headhunter |
| 4:07 | Troll Headhunter |
| 4:08 | Steel Ranged Weapons |
| 4:37 | Feral Spirit |
| 5:12 | Stronghold |
| 5:17 | Troll Headhunter |
| 5:19 | Orc Burrow |
| 5:55 | Chain Lighting |
| 6:01 | Watch Tower |
| 6:04 | Watch Tower |
| 6:25 | Troll Headhunter |
| 6:26 | Steel Armor |
| 7:13 | Watch Tower |
| 7:14 | Watch Tower |
| 7:34 | Reinforced Defenses |
| 7:35 | Peon |
| 7:35 | Peon |
| 8:48 | Troll Headhunter |
| 9:02 | Peon |
| 9:02 | Peon |
| 9:03 | Peon |
| 9:56 | Watch Tower |
| 10:02 | Watch Tower |
| 10:03 | Watch Tower |
| 10:14 | Great Hall |
| 10:17 | Troll Regeneration |
| 10:50 | Watch Tower |
| 10:57 | Troll Headhunter |
| 11:00 | Watch Tower |
| 11:07 | Feral Spirit |
| 11:17 | Watch Tower |
| 11:18 | Watch Tower |
| 11:25 | Watch Tower |
| 11:36 | Hex |
| 11:47 | Spirit Lodge |
| 11:47 | Spirit Lodge |
| 11:48 | Spirit Lodge |
| 11:49 | Spirit Lodge |
| 12:26 | Watch Tower |
| 12:29 | Fortress |
| 13:24 | Troll Headhunter |
| 13:28 | Shaman Adept Training |
| 13:28 | Witch Doctor Adept Training |
| 13:32 | Voodoo Lounge |
| 15:00 | Troll Headhunter |
| 15:00 | Berserker Upgrade |
| 15:03 | Peon |
| 15:13 | Shaman Master Training |
| 15:13 | Witch Doctor Master Training |
| 15:19 | Lesser Clarity Potion |
| 15:21 | Healing Salve |
| 15:28 | Troll Headhunter |
| 15:28 | Troll Headhunter |
| 15:31 | Shaman |
| 15:31 | Shaman |
| 15:41 | Troll Witch Doctor |
| 15:41 | Troll Witch Doctor |
| 16:28 | Healing Wave |
| 17:17 | Troll Berserker |
| 17:17 | Troll Berserker |
| 17:19 | Troll Berserker |
| 17:52 | War Stomp |
| 17:57 | Thorium Ranged Weapons |
| 18:05 | Orb of Lightning |
| 18:05 | Scroll of Speed |
| 18:14 | Scroll of Town Portal |
| 19:59 | Scroll of Town Portal |
| 20:03 | Scroll of Town Portal |
| Right click | 685 |
| Select | 439 |
| Build/train/purchase | 83 |
| Use ability | 26 |
| Misc. action | 8 |
| Item give/drop | 1 |

| Wisp | 36 | 2160 | / | 0 |
| Archer | 8 | 1040 | / | 80 |
| Huntress | 5 | 975 | / | 100 |
| Dryad | 14 | 2030 | / | 840 |
| Hippogryph | 6 | 960 | / | 120 |
| Druid of the Claw | 6 | 1530 | / | 480 |
| Mountain Giant | 3 | 1050 | / | 300 |
| total: | 78 | 9745g | / | 1920w |
| Ancient Protector | 9 | 1215 | / | 720 |
| Altar of Elders | 1 | 180 | / | 50 |
| Moon Well | 8 | 1440 | / | 320 |
| Ancient of War | 2 | 300 | / | 120 |
| Hunter's Hall | 1 | 210 | / | 100 |
| Ancient of Wonders | 1 | 90 | / | 30 |
| Tree of Life | 1 | 340 | / | 185 |
| Ancient of Wind | 3 | 450 | / | 420 |
| Ancient of Lore | 4 | 620 | / | 580 |
| Tree of Ages | 1 | 320 | / | 180 |
| Tree of Eternity | 2 | 660 | / | 400 |
| total: | 30 | 4845g | / | 2525w |
| 0:03 | Wisp |
| 0:03 | Wisp |
| 0:03 | Wisp |
| 0:03 | Wisp |
| 0:08 | Altar of Elders |
| 0:17 | Moon Well |
| 0:44 | Ancient of War |
| 0:49 | Ancient of War |
| 1:07 | Wisp |
| 1:07 | Wisp |
| 1:35 | Hunter's Hall |
| 1:43 | Wisp |
| 1:49 | Archer |
| 1:50 | Archer |
| 2:02 | Archer |
| 2:17 | Moon Well |
| 2:23 | Force of Nature |
| 2:45 | Ancient of Wonders |
| 2:54 | Ancient Protector |
| 3:00 | Wisp |
| 3:14 | Huntress |
| 3:29 | Ancient Protector |
| 3:43 | Huntress |
| 4:00 | Entangling Roots |
| 4:09 | Wisp |
| 4:10 | Wisp |
| 4:11 | Wisp |
| 4:12 | Strength of the Moon |
| 4:31 | Wisp |
| 5:03 | Huntress |
| 5:04 | Huntress |
| 5:50 | Moon Well |
| 5:53 | Tree of Ages |
| 5:58 | Tree of Life |
| 6:15 | Force of Nature |
| 6:27 | Huntress |
| 6:37 | Ancient Protector |
| 7:26 | Archer |
| 7:26 | Archer |
| 7:33 | Ancient Protector |
| 8:01 | Archer |
| 8:02 | Moon Armor |
| 8:28 | Wisp |
| 8:28 | Wisp |
| 8:28 | Wisp |
| 8:29 | Wisp |
| 8:29 | Wisp |
| 8:40 | Ancient of Wind |
| 8:48 | Wisp |
| 8:48 | Wisp |
| 8:48 | Wisp |
| 8:51 | Ancient of Wind |
| 8:53 | Ancient of Lore |
| 8:55 | Wisp |
| 9:36 | Entangling Roots |
| 9:51 | Archer |
| 9:51 | Archer |
| 9:56 | Ancient of Wind |
| 9:59 | Improved Strength of the Moon |
| 10:00 | Wisp |
| 10:01 | Wisp |
| 10:04 | Wisp |
| 10:04 | Wisp |
| 10:05 | Wisp |
| 10:05 | Wisp |
| 10:05 | Wisp |
| 10:16 | Dryad |
| 10:16 | Dryad |
| 10:17 | Abolish Magic |
| 10:18 | Dryad |
| 10:18 | Dryad |
| 10:27 | Ancient Protector |
| 10:40 | Wisp |
| 10:58 | Ancient Protector |
| 11:04 | Ancient Protector |
| 11:53 | Dryad |
| 11:53 | Dryad |
| 11:53 | Dryad |
| 11:58 | Ancient of Lore |
| 12:04 | Ancient of Lore |
| 12:06 | Wisp |
| 12:06 | Wisp |
| 12:07 | Wisp |
| 12:11 | Ancient Protector |
| 12:18 | Ancient Protector |
| 12:28 | Ancient of Lore |
| 12:32 | Druid of the Claw Adept Training |
| 12:41 | Wisp |
| 12:41 | Wisp |
| 12:59 | Hippogryph |
| 12:59 | Hippogryph |
| 13:01 | Hippogryph |
| 13:02 | Hippogryph |
| 13:02 | Hippogryph |
| 13:02 | Hippogryph |
| 13:16 | Dryad |
| 13:16 | Dryad |
| 13:19 | Wisp |
| 13:47 | Tree of Eternity |
| 13:48 | Strength of the Wild |
| 13:48 | Reinforced Hides |
| 14:07 | Moon Well |
| 14:13 | Moon Well |
| 14:26 | Moon Well |
| 14:55 | Improved Strength of the Wild |
| 15:07 | Dryad |
| 15:15 | Moon Well |
| 15:26 | Druid of the Claw |
| 15:26 | Druid of the Claw |
| 15:27 | Druid of the Claw |
| 15:31 | Dryad |
| 16:30 | Druid of the Claw Master Training |
| 16:32 | Mountain Giant |
| 16:33 | Druid of the Claw |
| 16:36 | Dryad |
| 16:36 | Dryad |
| 17:04 | Advanced Strength of the Wild |
| 17:06 | Wisp |
| 17:41 | Mountain Giant |
| 17:48 | Dryad |
| 17:50 | Resistant Skin |
| 17:50 | Hardened Skin |
| 18:01 | Moon Well |
| 18:13 | Mark of the Claw |
| 18:23 | Druid of the Claw |
| 19:13 | Force of Nature |
| 19:53 | Mountain Giant |
| 20:00 | Druid of the Claw |
| Right click | 1189 |
| Select | 436 |
| Select group | 236 |
| Build/train/purchase | 107 |
| Assign group | 39 |
| Use ability | 30 |
| Remove unit | 13 |
| Resource trade | 6 |
⇛